 Dungeon Crawl Stone Soup version 0.29.0-11-gd7f09526c8 (webtiles) character file.

Game seed: 16078653498336824841

2888 doricub5 the Fighter (level 10, -7/86 HPs)
             Began as a Formicid Fighter on Sept 3, 2022.
             Was a Believer of Okawaru.
             Mangled by an orc knight
             ... wielding a +0 halberd
              (16 damage)
             ... in a bailey.
             The game lasted 00:22:40 (6720 turns).

doricub5 the Fighter (Formicid Fighter)             Turns: 6720, Time: 00:22:41

Health: -7/86      AC: 22    Str: 30    XL:     10   Next: 5%
Magic:  8/10       EV: 14    Int:  7    God:    Okawaru [**....]
Gold:   371        SH: 14    Dex: 18    Spells: 9/9 levels left

rFire   + + .      SeeInvis +   x - +2 lajatang (vamp)
rCold   . . .      Faith    .   o - +0 kite shield
rNeg    + . .      Spirit   .   z - +0 plate armour
rPois   .          Reflect  .   (helmet unavailable)
rElec   .          Harm     .   (no cloak)
rCorr   +          Rampage  .   w - +1 pair of gloves of the Turtle {rN+ Dex+2}
Will    +....                   (no boots)
Stlth   ..........              (no amulet)
HPRegen 0.24/turn               e - +4 ring of protection
MPRegen 0.12/turn               l - ring of the Snail {rF++ rCorr EV+4 Str+4 Dex+3}

@: heroic
A: permanent stasis, dig shafts and tunnels, antennae 3, four strong arms
a: Dig, Renounce Religion, Heroism


You were in a bailey.
You worshipped Okawaru.
Okawaru was pleased with you.
You visited 2 branches of the dungeon, and saw 8 of its levels.
You also visited: Bailey.

You collected 371 gold pieces.

Inventory:

Hand Weapons
 a - a +0 long sword
 h - a +0 arbalest
 t - a +0 war axe
 x - a +2 vampiric lajatang (weapon)
Armour
 o - a +0 kite shield (worn)
 w - the +1 pair of gloves of the Turtle (worn) {rN+ Dex+2}
   (You found it on level 5 of the Dungeon)

   Dex:       It affects your dexterity (+2).
   rN:        It protects you from negative energy.
 z - a +0 plate armour (worn)
Jewellery
 e - a +4 ring of protection (left hand)
 l - the ring of the Snail (right hand) {rF++ rCorr EV+4 Str+4 Dex+3}
   (You took it off a kobold on level 2 of the Dungeon)

   [ring of evasion]

   EV:        It affects your evasion (+4).
   Str:       It affects your strength (+4).
   Dex:       It affects your dexterity (+3).
   rF:        It greatly protects you from fire.
   rCorr:     It protects you from acid and corrosion.
 p - a ring of positive energy
 q - the ring of Rymetty {Ice rCorr}
   (You found it on level 3 of the Dungeon)

   [ring of ice]

   It enhances your ice magic.
   rF:        It makes you vulnerable to fire.
   rC:        It protects you from cold.
   rCorr:     It protects you from acid and corrosion.
Wands
 g - a wand of iceblast (5)
 n - a wand of flame (19) (quivered)
Scrolls
 c - a scroll of immolation {unknown}
 k - 2 scrolls of vulnerability
 u - a scroll of acquirement
 y - a scroll of amnesia {unknown}
Potions
 b - 2 potions of invisibility
 d - 3 potions of might
 f - 3 potions of heal wounds
 i - 2 potions of cancellation
 j - a potion of attraction {unknown}
 m - a potion of berserk rage {unknown}
 r - 4 potions of curing
 s - a potion of haste {unknown}
 v - a potion of brilliance {unknown}


   Skills:
 * Level 10.7(15.7) Fighting
 - Level 2.2(7.2) Long Blades
 + Level 7.9(12.9) Armour
 + Level 9.5(14.5) Shields


You had 9 spell levels left.
You didn't know any spells.
Your spell library contained the following spells:

 Spells                   Type           Power      Damage    Failure   Level
 Sandblast                Erth           0%         2d4       99%         1
 Passwall                 Tmut/Erth      0%         N/A       100%        2
 Poisonous Vapours        Pois/Air       0%         N/A       100%        2
 Sublimation of Blood     Necr           0%         N/A       100%        2
 Stone Arrow              Conj/Erth      0%         3d7       100%        3
 Corpse Rot               Necr/Pois/Air  0%         N/A       100%        4
 Petrify                  Tmut/Erth      0%         N/A       100%        4
 Irradiate                Conj/Tmut      0%         3d11      100%        5


Dungeon Overview and Level Annotations

Branches:
Dungeon (7/15)             Temple (1/1) D:5          Bailey (1/1)

Altars:
Ashenzari
Cheibriados
Dithmenos
Elyvilon
Fedhas
Gozag
Kikubaaqudgha
Makhleb
Nemelex Xobeh
Okawaru
Qazlal
Ru
Trog
Uskayaw
Vehumet
Wu Jian
Xom
Yredelemnul
Zin
The Shining One

Shops:
D:1 *


Innate Abilities, Weirdness & Mutations

You cannot be hasted, slowed, berserked, paralysed or teleported.
You can dig through walls and to a lower floor.
You have a pair of large antennae on your head. (SInv)
Your four strong arms can wield two-handed weapons with a shield.


Message History

You slash the orc!
You kill the orc!
Okawaru accepts your kill.
Things that are here:
a +0 spear; a +0 ring mail; an orc corpse
There is an open door here.
You open the door. You open the door. You open the gate.
Found a scroll of acquirement.
Found two gates leading back out of this place.
There is an open gate here.
u - a scroll of acquirement You open the door.
An orc warrior and 2 orc knights come into view.
The orc warrior shouts!
The orc knight shouts! x2
The orc knight roars a battlecry!
The orcs go into a battle-frenzy!
Found two runed arbalests.
Found a roughly hewn altar of Beogh.
You gain the combat prowess of a mighty hero.
The orc knight closely misses you.
Okay, then.
The orc warrior hits you with a +0 glaive!!
You block the orc knight's attack.
The orc knight hits you with a +0 glaive!!!
There is an open door, spattered with blood here.
You slice the orc knight!!
You feel better.
The orc knight is heavily wounded.
You block the orc warrior's attack.
The orc knight hits you from afar with a +0 halberd!
The orc knight roars a battlecry!
The orc knight goes into a battle-frenzy!
You slash the orc knight!
You feel better.
The orc knight is severely wounded.
You block the orc warrior's attack.
The orc knight hits you from afar with a +0 halberd!!
* * * LOW HITPOINT WARNING * * *
You block the orc knight's attack. The orc warrior closely misses you.
The orc knight hits you from afar with a +0 halberd!
You die...

...≈≈.≈≈≈...#########...≈≈≈.≈≈...
...........##.......##.....[.....
..........##..#'#'#..##..........
..........#..##)#)##..#..........
.........##.#########.##.........
.........##.'.#).)#)'.##.........
.........##.###.o.###.##.........
.........##.'.#oo.#['.##.........
.........##.####@####.##.........
..........#..##∩.∩##..##.........
..........##..#'''##.............
...........##.....##.............
...≈≈.≈≈≈...##....##....≈≈≈.≈≈...
..≈≈#)##≈....#######....≈##.#≈≈..
..≈##)∩#≈...............≈#∩.##≈..
..≈#.....................)...#≈..
..≈##.##≈...............≈##.##≈..


You could see 2 orc knights and an orc warrior (strong).

Vanquished Creatures
  Grinder (D:5)
  2 water moccasins
  7 orc warriors (Bailey)
  An ice beast (D:5)
  2 black bears
  An ogre (D:6)
  A phantom (D:6)
  2 kobold brigands
  2 gnoll sergeants
  3 bullfrogs
  A scorpion (D:4)
  A necrophage (D:5)
  2 electric eels (D:5)
  A howler monkey (D:5)
  5 hounds
  2 gnoll boudas
  Crazy Yiuf (D:3)
  An iguana (D:5)
  2 orc wizards
  Terence (D:3)
  20 gnolls
  6 adders
  An ufetubus (D:4)
  A worm (D:5)
  3 dart slugs
  29 orcs
  4 endoplasms
  A giant cockroach (D:1)
  10 hobgoblins
  2 jackals (D:4)
  15 kobolds
  A quokka (D:4)
  3 ball pythons
  5 bats
  A frilled lizard (D:3)
  7 goblins
  7 rats
155 creatures vanquished.

Vanquished Creatures (others)
  2 plants
2 creatures vanquished.

Grand Total: 157 creatures vanquished

Notes
Turn   | Place    | Note
-------+----------+-------------------------------------------
     0 | D:1      | doricub5 the Formicid Fighter began the quest for the Orb.
     0 | D:1      | Reached XP level 1. HP: 18/18 MP: 1/1
    67 | D:1      | Found Miciypn's General Store.
   436 | D:1      | Reached XP level 2. HP: 24/24 MP: 2/2
   631 | D:1      | Found a faded altar of an unknown god.
  1170 | D:2      | Reached XP level 3. HP: 23/30 MP: 3/3
  1353 | D:2      | Identified the ring of the Snail {rF++ rCorr EV+4 Str+4
                  | Dex+3}
  1444 | D:2      | Reached skill level 4 in Fighting
  1823 | D:3      | Noticed Terence
  1837 | D:3      | Killed Terence
  1838 | D:3      | Reached XP level 4. HP: 10/37 MP: 4/4
  2076 | D:3      | Found a shadowy altar of Dithmenos.
  2688 | D:3      | Found a runed translucent door.
  2689 | D:3      | Noticed Crazy Yiuf
  2701 | D:3      | Killed Crazy Yiuf
  2702 | D:3      | Reached XP level 5. HP: 15/43 MP: 5/5
  3015 | D:3      | Identified the ring of Rymetty {Ice rCorr}
  3166 | D:4      | Reached skill level 5 in Shields
  3187 | D:4      | Reached skill level 5 in Fighting
  3508 | D:4      | Reached XP level 6. HP: 46/51 MP: 6/6
  4155 | D:5      | Entered Level 5 of the Dungeon
  4155 | D:5      | Noticed a black bear
  4175 | D:5      | Killed a black bear
  4302 | D:5      | Reached skill level 6 in Fighting
  4302 | D:5      | Reached XP level 7. HP: 49/58 MP: 7/7
  4359 | D:5      | Reached skill level 5 in Armour
  4372 | D:5      | Found a transporter.
  4409 | D:5      | Identified the +1 pair of gloves of the Turtle {rN+ Dex+2}
  4604 | D:5      | Noticed a water moccasin
  4625 | D:5      | Noticed Grinder
  4634 | D:5      | Killed Grinder
  4635 | D:5      | Reached skill level 7 in Fighting
  4635 | D:5      | Reached XP level 8. HP: 47/67 MP: 8/8
  4730 | D:5      | Reached skill level 8 in Fighting
  4833 | D:5      | Found a transporter.
  4856 | D:5      | Found a staircase to the Ecumenical Temple.
  4866 | Temple   | Entered the Ecumenical Temple
  4871 | Temple   | Became a worshipper of Warmaster Okawaru
  5395 | D:6      | Found a snail-covered altar of Cheibriados.
  5409 | D:6      | Reached XP level 9. HP: 75/75 MP: 9/9
  5463 | D:6      | Found a white marble altar of Elyvilon.
  5486 | D:6      | Reached * piety under Okawaru
  5487 | D:6      | Reached skill level 9 in Fighting
  6124 | D:7      | Found a glowing golden altar of the Shining One.
  6158 | D:7      | Found a blossoming altar of Fedhas.
  6263 | D:7      | Found a flagged portal.
  6292 | Bailey   | Entered a bailey
  6315 | Bailey   | Reached skill level 10 in Fighting
  6431 | Bailey   | Reached ** piety under Okawaru
  6495 | Bailey   | Reached XP level 10. HP: 86/86 MP: 10/10
  6716 | Bailey   | Noticed an orc knight
  6716 | Bailey   | Noticed an orc knight
  6720 | Bailey   | Mangled by an orc knight

Illustrated notes

Levels and vault maps discovered:
D:1:      dpeg_arrival_leaves_temple_mockup, layout_loops_ring, serial_shops,
          shop, hellmonk_ecumenical_altar_pennies_from_heaven,
          minmay_misc_feat_more_columns
D:2:      layout_basic, guppyfry_early_lair_pool
D:3:      wander_river, layout_loops_cross, grunt_dithmenos_smoke_and_mirrors,
          uniq_terence, uniq_crazy_yiuf_cottage
D:4:      layout_basic, st_stairs_12, nicolae_underground_beach
D:5:      gammafunk_steamed_eel, layout_loops_ring, minmay_temple_entry_ruins,
          uniq_grinder
D:6:      layout_loops_cross, kennysheep_slug_shrine, elyvilon_altar_5
D:7:      layout_loops_ring, mainiacjoe_overflow_paths, fedhas_ov_isle_minmay,
          enter_bailey_4
Temple:   minmay_freezing_vapour_temple
Bailey:   bailey_polearm_2, bailey

Skill      XL: |  1  2  3  4  5  6  7  8  9 |
---------------+----------------------------+-----
Fighting       | 4 5 6 7 8 10 | 10.7
Armour         | 4 5 6 7 |  7.9
Shields        | 5 6 7 9 |  9.5
Long Blades    | |  2.2

Action                   |  1- 3 |  4- 6 |  7- 9 | 10-12 || total
-------------------------+-------+-------+-------+-------++-------
Melee: Long sword        |    71 |   145 |   109 |       ||   325
       Lajatang          |       |       |   219 |    13 ||   232
Invok: Heroism           |       |       |       |     1 ||     1
  Use: Scroll            |     2 |       |     7 |       ||     9
       Potion            |       |       |     1 |       ||     1
Armor: Scale mail        |    34 |    49 |       |       ||    83
       Chain mail        |       |    33 |   160 |       ||   193
       Plate armour      |       |       |       |     2 ||     2
Dodge: Dodged            |    41 |    96 |   224 |     5 ||   366
Block: Buckler           |    16 |    46 |    95 |       ||   157
       Kite shield       |       |       |   103 |    10 ||   113
